 Dungeon Crawl Stone Soup version 0.28.0-45-g0d030f2227 (webtiles) character file.

Game seed: 12377345594611992656

452 Bruhh the Chiller (level 7, -4/50 HPs)
             Began as a Gnoll Ice Elementalist on Apr 21, 2022.
             Was an Initiate of Yredelemnul.
             Slain by an orc
             ... wielding a +0 hand axe
              (5 damage)
             ... on level 5 of the Dungeon on Apr 22, 2022.
             The game lasted 00:16:39 (5167 turns).

Bruhh the Chiller (Gnoll Ice Elementalist)          Turns: 5167, Time: 00:16:40

Health: -4/50      AC:  3    Str:  8    XL:     7   Next: 4%
Magic:  15/15      EV:  7    Int: 16    God:    Yredelemnul [......]
Gold:   202        SH:  0    Dex: 12    Spells: 10/17 levels left

rFire   x . .      SeeInvis .   q - +0 dagger
rCold   + . .      Faith    .   (no shield)
rNeg    . . .      Spirit   .   a - +0 robe
rPois   .          Reflect  .   (no helmet)
rElec   .          Harm     .   i - +0 cloak
rCorr   .          Rampage  .   (no gloves)
Will    .....                   (no boots)
Stlth   +++.......              (no amulet)
HPRegen 0.16/turn               n - ring of ice
MPRegen 0.14/turn               (no ring)

@: held
A: fangs 1, strong nose, distributed training
a: Renounce Religion, Recall Undead Harvest


You were on level 5 of the Dungeon.
You worshipped Yredelemnul.
Yredelemnul was noncommittal.
You visited 1 branch of the dungeon, and saw 5 of its levels.

You collected 202 gold pieces.

Inventory:

Hand Weapons
 q - a +0 dagger (weapon)
Armour
 a - a +0 robe (worn)
 i - a +0 cloak (worn)
Jewellery
 n - a ring of ice (left hand)
Scrolls
 c - 2 scrolls of holy word {unknown}
 h - 2 scrolls of teleportation {unknown}
 k - 8 scrolls of identify
 l - a scroll of vulnerability {unknown}
 p - 2 scrolls of enchant weapon {unknown}
Potions
 b - a potion of resistance {unknown}
 d - 2 potions of cancellation
 e - a potion of magic {unknown}
 f - 2 potions of curing
 g - a potion of mutation {unknown}
 j - a potion of heal wounds {unknown}
 m - 2 potions of might {unknown}
 o - a potion of brilliance {unknown}


   Skills:
 + Level 2.2 Fighting
 + Level 2.2 Short Blades
 + Level 2.2 Long Blades
 + Level 2.2 Axes
 + Level 2.2 Maces & Flails
 + Level 2.2 Polearms
 + Level 2.2 Staves
 + Level 2.2 Slings
 + Level 2.2 Bows
 + Level 2.2 Crossbows
 + Level 2.2 Throwing
 + Level 2.2 Armour
 + Level 5.1 Dodging
 + Level 4.7 Stealth
 + Level 2.2 Shields
 + Level 2.2 Unarmed Combat
 + Level 5.5 Spellcasting
 + Level 1.8 Conjurations
 + Level 1.8 Hexes
 + Level 1.8 Summonings
 + Level 1.8 Necromancy
 + Level 1.8 Translocations
 + Level 1.8 Transmutations
 + Level 1.8 Fire Magic
 + Level 7.3 Ice Magic
 + Level 1.8 Air Magic
 + Level 1.8 Earth Magic
 + Level 1.8 Poison Magic
 + Level 2.4 Invocations
 + Level 2.2 Evocations


You had 10 spell levels left.
You knew the following spells:

 Your Spells              Type           Power      Damage    Failure   Level
a - Freeze                Ice            100%       1d11      1%          1
b - Frozen Ramparts       Ice            82%        1d10      2%          3
c - Ozocubu's Armour      Ice            41%        N/A       2%          3

Your spell library contained the following spells:

 Spells                   Type           Power      Damage    Failure   Level
 Slow                     Hex            40%        N/A       7%          1
 Hailstorm                Conj/Ice       28%        3d8       22%         4


Dungeon Overview and Level Annotations

Branches:
Dungeon (5/15)
 Temple: D:4-7

Altars:
Ashenzari
Elyvilon
Qazlal
Vehumet
Yredelemnul
The Shining One

Shops:
D:2 [


Innate Abilities, Weirdness & Mutations

You have very sharp teeth.
Your uncanny sense of smell can sniff out nearby items.
Your experience applies equally to all skills.


Message History

You see here 10 stones.
Found a scroll labelled WUHUTZ GOICEGI.
There is a stone staircase leading down here.
Found a coppery potion.
Things that are here:
a coppery potion; a +6 ring of intelligence The ice beast misses you.
The ice beast hits you. The ice beast freezes you. You resist.
* * * LOW HITPOINT WARNING * * *
The ice beast hits you.
* * * LOW HITPOINT WARNING * * *
The ice beast freezes you. You resist.
* * * LOW HITPOINT WARNING * * *
A gnoll comes into view. It is wielding a +0 whip.
The gnoll shouts!
The gnoll throws a throwing net.
The throwing net hits you.
You become entangled in the net!
You see here a throwing net.
You struggle against the net.
The ice beast hits you but does no damage.
You struggle against the net.
The ice beast hits you but does no damage.
The orc hits you with a +0 hand axe.
* * * LOW HITPOINT WARNING * * *
You shred the net and break free! The hound skeleton misses you.
The ice beast hits you.
* * * LOW HITPOINT WARNING * * *
The ice beast freezes you. You resist.
* * * LOW HITPOINT WARNING * * *
The orc hits you but does no damage.
The gnoll throws a throwing net.
The throwing net hits you.
You become entangled in the net!
You see here a throwing net.
You struggle against the net.
The orc barely misses you.
You struggle against the net.
The hound skeleton bites you but does no damage.
The ice beast hits you but does no damage.
The orc hits you with a +0 hand axe.
You die...
Your body rises from the dead as a mindless zombie.

..#### #.#
#.................# ......
#.###......#..........##
......
#.#<...g...............##
......
#.##..........#.(.....(.#
......
#.##....................##
......
.........)........>.
...... #.#g.......#.$..###
..... #.#o...............
.... #.@Yg...........#..
... #..Z............#.. ..
...................### .
.......##.........?.#
........##......#...##
......##......#...#...#
...............#####...#
............ ..#
#.....#...


You could see an ice beast, 3 gnolls, an orc and a hound skeleton.

Vanquished Creatures
  Grinder (D:4)
  An ogre (D:4)
  A water moccasin skeleton (D:4)
  4 adders
  An ufetubus (D:4)
  An adder skeleton (D:4)
  2 dart slugs (D:1)
  3 orcs (D:3)
  6 endoplasms
  7 goblins
  5 hobgoblins
  4 jackals (D:3)
  9 kobolds
  9 ball pythons
  7 bats
  3 frilled lizards
  6 rats
70 creatures vanquished.

Vanquished Creatures (collateral kills)
  A hound skeleton (D:4)
1 creature vanquished.

Vanquished Creatures (others)
  A kobold zombie (D:4)
1 creature vanquished.

Grand Total: 72 creatures vanquished

Notes
Turn   | Place    | Note
-------+----------+-------------------------------------------
     0 | D:1      | Bruhh the Gnoll Ice Elementalist began the quest for the
                  | Orb.
     0 | D:1      | Reached XP level 1. HP: 13/13 MP: 6/6
    77 | D:1      | Reached XP level 2. HP: 16/19 MP: 3/7
   559 | D:1      | Found a faded altar of an unknown god.
   609 | D:1      | Got Plato's Papyrus of the Oath
   830 | D:1      | Reached XP level 3. HP: 25/25 MP: 7/9
  1124 | D:2      | Reached skill level 5 in Spellcasting
  1188 | D:2      | Found Kudgh's Antique Armour Shop.
  1205 | D:2      | Learned a level 3 spell: Frozen Ramparts
  1209 | D:2      | Learned a level 3 spell: Ozocubu's Armour
  1318 | D:2      | Reached skill level 1 in Invocations
  1455 | D:2      | Reached skill level 1 in Fighting
  1455 | D:2      | Reached skill level 1 in Short Blades
  1455 | D:2      | Reached skill level 1 in Long Blades
  1455 | D:2      | Reached skill level 1 in Axes
  1455 | D:2      | Reached skill level 1 in Maces & Flails
  1455 | D:2      | Reached skill level 1 in Polearms
  1455 | D:2      | Reached skill level 1 in Staves
  1455 | D:2      | Reached skill level 1 in Slings
  1455 | D:2      | Reached skill level 1 in Bows
  1455 | D:2      | Reached skill level 1 in Crossbows
  1455 | D:2      | Reached skill level 1 in Throwing
  1455 | D:2      | Reached skill level 1 in Armour
  1455 | D:2      | Reached skill level 1 in Shields
  1455 | D:2      | Reached skill level 1 in Unarmed Combat
  1455 | D:2      | Reached skill level 1 in Evocations
  1507 | D:2      | Reached XP level 4. HP: 32/32 MP: 8/11
  2198 | D:3      | Reached skill level 1 in Conjurations
  2198 | D:3      | Reached skill level 1 in Hexes
  2198 | D:3      | Reached skill level 1 in Summonings
  2198 | D:3      | Reached skill level 1 in Necromancy
  2198 | D:3      | Reached skill level 1 in Translocations
  2198 | D:3      | Reached skill level 1 in Transmutations
  2198 | D:3      | Reached skill level 1 in Fire Magic
  2198 | D:3      | Reached skill level 1 in Air Magic
  2198 | D:3      | Reached skill level 1 in Earth Magic
  2198 | D:3      | Reached skill level 1 in Poison Magic
  2752 | D:4      | HP: 1/32 [water moccasin skeleton (2)]
  2755 | D:4      | Reached XP level 5. HP: 2/37 MP: 10/12
  3276 | D:4      | Found a glowing golden altar of the Shining One.
  3291 | D:4      | Found a white marble altar of Elyvilon.
  3295 | D:4      | Found a basalt altar of Yredelemnul.
  3295 | D:4      | Found a radiant altar of Vehumet.
  3302 | D:4      | Found a broken altar of Ashenzari.
  3340 | D:4      | Became a worshipper of Yredelemnul the Dark
  3557 | D:4      | Noticed an ogre
  3566 | D:4      | Killed an ogre
  3566 | D:4      | Reached * piety under Yredelemnul
  3567 | D:4      | Reached XP level 6. HP: 44/44 MP: 4/13
  3705 | D:4      | Noticed Grinder
  3720 | D:4      | Paralysed by Grinder for 2 turns
  3723 | D:4      | Paralysed by Grinder for 2 turns
  3727 | D:4      | Paralysed by Grinder for 3 turns
  3735 | D:4      | Killed Grinder
  3736 | D:4      | Reached skill level 5 in Dodging
  3736 | D:4      | Reached XP level 7. HP: 24/50 MP: 3/15
  4398 | D:5      | Entered Level 5 of the Dungeon
  5016 | D:5      | Found a stormy altar of Qazlal.
  5164 | D:5      | HP: 1/50 [ice beast (4)]
  5167 | D:5      | Slain by an orc

Illustrated notes

Levels and vault maps discovered:
D:1:      heliophobic_arrival_ceremonial_halls, layout_basic,
          shapermc_ecumenical_altar_rom_forum, minmay_pentomino_x4
D:2:      layout_rooms, serial_shops, nicolae_shop_waterfront, chequers_avenue
D:3:      layout_basic, kennysheep_doodads, minmay_statues_item,
          kennysheep_generic_room_11
D:4:      layout_loops_ring, nicolae_overflow_hallway_of_the_gods, uniq_grinder
D:5:      layout_basic, mainiacjoe_overflow_boulevard, serial_shops,
          kennysheep_little_box, portal_sewer_entry_d

Skill      XL: |  1  2  3  4  5  6 |
---------------+-------------------+-----
Spellcasting   | 5 |  5.5
Invocations    | 1 2 |  2.4
Fighting       | 1 2 |  2.2
Short Blades   | 1 2 |  2.2
Long Blades    | 1 2 |  2.2
Axes           | 1 2 |  2.2
Maces & Flails | 1 2 |  2.2
Polearms       | 1 2 |  2.2
Staves         | 1 2 |  2.2
Slings         | 1 2 |  2.2
Bows           | 1 2 |  2.2
Crossbows      | 1 2 |  2.2
Throwing       | 1 2 |  2.2
Armour         | 1 2 |  2.2
Shields        | 1 2 |  2.2
Unarmed Combat | 1 2 |  2.2
Evocations     | 1 2 |  2.2
Conjurations   | 1 |  1.8
Hexes          | 1 |  1.8
Summonings     | 1 |  1.8
Necromancy     | 1 |  1.8
Translocations | 1 |  1.8
Transmutations | 1 |  1.8
Fire Magic     | 1 |  1.8
Air Magic      | 1 |  1.8
Earth Magic    | 1 |  1.8
Poison Magic   | 1 |  1.8
Dodging        | 5 |  5.1
Stealth        | |  4.7
Ice Magic      | |  7.3

Action                   |  1- 3 |  4- 6 |  7- 9 || total
-------------------------+-------+-------+-------++-------
Melee: Unarmed           |    16 |    26 |       ||    42
       Bite              |     1 |     6 |     8 ||    15
       Dagger            |       |    43 |    78 ||   121
       Punch             |       |     1 |     2 ||     3
 Cast: Freeze            |    39 |    52 |     3 ||    94
       Ozocubu's Armour  |       |     2 |     3 ||     5
       Frozen Ramparts   |       |     4 |     2 ||     6
Invok: Recall Undead Har |       |       |     2 ||     2
  Use: Scroll            |       |     1 |       ||     1
       Potion            |       |       |     1 ||     1
 Stab: Sleeping          |     2 |     2 |       ||     4
       Distracted        |     1 |       |       ||     1
Armor: Robe              |     6 |    32 |    34 ||    72
Dodge: Dodged            |    29 |    75 |    47 ||   151
